 Dungeon Crawl Stone Soup version 0.31-a0-667-g39726597b9 (webtiles) character file.

Game seed: 4719561930192874646

546 BritishOli the Trooper (level 7, -7/56 HPs)
             Began as a Demonspawn Fighter on Sept 4, 2023.
             Was an Initiate of Makhleb.
             Mangled by an iguana (9 damage)
             ... on level 4 of the Dungeon.
             The game lasted 00:03:28 (3100 turns).

BritishOli the Trooper (Demonspawn Fighter)         Turns: 3100, Time: 00:03:28

Health: -7/56      AC:  9    Str: 22    XL:     7   Next: 6%
Magic:  7/7        EV:  9    Int: 12    God:    Makhleb [......]
Gold:   124        SH:  4    Dex: 13    Spells: 5/6 levels left

rFire   + . .        a - +0 war axe
rCold   + . .        c - +0 buckler
rNeg    + . .        b - +0 scale mail
rPois   .            (no helmet)
rElec   .            (no cloak)
rCorr   .            (no gloves)
SInv    .            (no boots)
Will    .....        (no amulet) Stlth
                     i - ring of Fofodgh {rF+ rC+ rN+ Str+4 Int+3}
HPRegen 0.29/turn    (no ring)
MPRegen 0.10/turn

%: no passive effects
@: mighty
A: icy blue scales 1, powered by pain 1
a: Renounce Religion


You were on level 4 of the Dungeon.
You worshipped Makhleb.
Makhleb was noncommittal.
You visited 2 branches of the dungeon, and saw 6 of its levels.

You collected 124 gold pieces.

Inventory:

Hand Weapons
 a - a +0 war axe (weapon)
Armour
 b - a +0 scale mail (worn)
 c - a +0 buckler (worn)
Jewellery
 i - the ring of Fofodgh (left hand) {rF+ rC+ rN+ Str+4 Int+3}
   (You found it on level 2 of the Dungeon)

   [ring of positive energy]

   Str+4:     It affects your strength (+4).
   Int+3:     It affects your intelligence (+3).
   rF+:       It protects you from fire.
   rC+:       It protects you from cold.
   rN+:       It protects you from negative energy.
 o - a ring of magical power
Scrolls
 e - a scroll of vulnerability {unknown}
 f - 5 scrolls of identify {unknown}
 j - a scroll of enchant armour {unknown}
 k - 2 scrolls of poison {unknown}
 l - a scroll of noise {unknown}
 r - a scroll of immolation {unknown}
Potions
 d - a potion of might
 g - a potion of lignification {unknown}
 h - 2 potions of ambrosia
 m - a potion of brilliance {unknown}
 n - 3 potions of invisibility {unknown}
 p - a potion of haste {unknown}
 q - a potion of curing {unknown}
 s - a potion of mutation {unknown}
 t - a potion of cancellation {unknown}


   Skills:
 + Level 5.2 Fighting
 + Level 4.1 Axes
 + Level 4.6 Armour
 - Level 3.0 Shields


You had 5 spell levels left.
You knew the following spells:

 Your Spells              Type           Power      Damage    Failure   Level
a - Summon Small Mammal   Summ           0%         N/A       71%         1

Your spell library contained the following spells:

 Spells                   Type           Power      Damage    Failure   Level
 Sandblast                Erth           0%         2d4       71%         1
 Cigotuvi's Dreadful Rot  Necr/Pois/Air  0%         N/A       83%         2
 Call Canine Familiar     Summ           0%         N/A       97%         3
 Summon Guardian Golem    Hex/Summ       0%         N/A       97%         3
 Dispel Undead            Necr           0%         3d6       100%        4
 Death Channel            Necr           0%         N/A       100%        6
 Malign Gateway           Summ/Tloc      0%         N/A       100%        7
 Summon Horrible Things   Summ           0%         N/A       100%        8


Dungeon Overview and Level Annotations

Branches:
Dungeon (5/15)             Temple (1/1) D:4

Altars:
Ashenzari
Dithmenos
Fedhas
Gozag
Hepliaklqana
Kikubaaqudgha
Makhleb
Qazlal
Ru
Sif Muna
Trog
Uskayaw
Vehumet
Xom
Yredelemnul


Innate Abilities, Weirdness & Mutations

You are partially covered in icy blue scales. (AC +2)
You sometimes gain a little power by taking damage.


Message History

You climb upwards.
There is a stone staircase leading down, spattered with blood here.
You hit the scorpion but do no damage. You barely miss the gnoll.
You barely miss the iguana. The scorpion stings you.
The gnoll barely misses you. The iguana closely misses you.
The scorpion stings you but does no damage.
The gnoll misses you. The iguana bites you.
You closely miss the scorpion. You barely miss the iguana. You hit the gnoll.
The scorpion stings you but does no damage.
The gnoll completely misses you. You block the iguana's attack.
You closely miss the scorpion. You hit the gnoll. You hit the iguana.
You block the scorpion's attack. The gnoll hits you with a +0 flail!
You block the iguana's attack. The scorpion stings you.
* * * LOW HITPOINT WARNING * * *
You hit the scorpion.
The scorpion is lightly wounded.
You hit the gnoll. You barely miss the iguana.
The iguana hisses menacingly.
The iguana bites you!
* * * LOW HITPOINT WARNING * * *
You focus on the pain.
You feel very mighty all of a sudden. The gnoll completely misses you.
The scorpion closely misses you. You block the iguana's attack.
The gnoll hits you with a +0 flail.
* * * LOW HITPOINT WARNING * * *
The scorpion stings you but does no damage.
You slash the gnoll!
You kill the gnoll!
Makhleb accepts your kill.
You slash the scorpion! You hit the iguana. The scorpion barely misses you.
The iguana misses you.
You slice the scorpion!!
You kill the scorpion!
Makhleb accepts your kill.
You barely miss the iguana. You block the iguana's attack.
You have reached level 7!
You barely miss the iguana.
The iguana is moderately wounded.
The iguana bites you!
You die...

### ..# # ..# ######### ..#
####################........
..####.........l.)........#######
................@†...............
..#####.##########........#######
..#...^....# #........# #
..#....###.### #..[.....# ##
..#....###...#####........# ##.
###.......................# #..
.......##..............########.#
......>..........................
..................######....##.##


You could see an iguana.

Vanquished Creatures
  A sky beast (D:3)
  An ogre (D:4)
  A phantom (D:4)
  A scorpion (D:4)
  An orc priest (D:3)
  A jelly (D:4)
  An iguana (D:4)
  2 gnolls
  4 adders
  An ufetubus (D:4)
  2 dart slugs
  9 orcs
  6 endoplasms
  6 giant cockroaches
  9 goblins
  12 hobgoblins
  6 jackals (D:1)
  2 quokkas
  8 ball pythons
  6 bats
  4 frilled lizards
  4 kobolds
  3 rats
91 creatures vanquished.

Notes
Turn   | Place    | Note
-------+----------+-------------------------------------------
     0 | D:1      | BritishOli the Demonspawn Fighter began the quest for the
                  | Orb.
     0 | D:1      | Reached XP level 1. HP: 18/18 MP: 1/1
    55 | D:1      | Gained mutation: You are partially covered in icy blue
                  | scales. (AC +2) [demonic ancestry]
    55 | D:1      | Reached XP level 2. HP: 14/24 MP: 2/2
   938 | D:2      | Reached XP level 3. HP: 29/29 MP: 3/3
   967 | D:2      | Found a sacrificial altar of Ru.
   978 | D:2      | Identified the ring of Fofodgh {rF+ rC+ rN+ Str+4 Int+3}
  1475 | D:3      | Gained mutation: You sometimes gain a little power by
                  | taking damage. [demonic ancestry]
  1475 | D:3      | Reached XP level 4. HP: 31/36 MP: 4/4
  1496 | D:3      | Found a faded altar of an unknown god.
  1527 | D:3      | Got Plato's Lessons on the Geologist
  1591 | D:3      | Found a stormy altar of Qazlal.
  1592 | D:3      | Noticed a sky beast
  1681 | D:3      | Reached skill level 4 in Fighting
  1704 | D:3      | Killed a sky beast
  1705 | D:3      | Reached XP level 5. HP: 8/43 MP: 5/5
  2103 | D:3      | Found a blossoming altar of Fedhas.
  2184 | D:4      | Noticed an ogre
  2193 | D:4      | Killed an ogre
  2194 | D:4      | Reached XP level 6. HP: 21/49 MP: 6/6
  2469 | D:4      | Found a staircase to the Ecumenical Temple.
  2526 | Temple   | Entered the Ecumenical Temple
  2531 | Temple   | Became a worshipper of Makhleb the Destroyer
  2545 | D:4      | Learned a level 1 spell: Summon Small Mammal
  2846 | D:5      | Entered Level 5 of the Dungeon
  2853 | D:4      | Reached skill level 5 in Fighting
  3097 | D:4      | HP: 1/51 [gnoll/+0 flail (4)]
  3100 | D:4      | Reached XP level 7. HP: 2/56 MP: 7/7
  3100 | D:4      | Mangled by an iguana

Illustrated notes

Levels and vault maps discovered:
D:1:      dpeg_arrival_tiny_f, layout_loops_corners,
          minmay_misc_feat_more_columns
D:2:      minmay_spotlight, layout_rooms, basic_altar, kennysheep_generic_room_5
D:3:      layout_rooms, nicolae_qazlal_beasts_of_the_sky, marbit_many_paths,
          shapermc_ecumenical_altar_rom_forum, kennysheep_potato
D:4:      layout_rooms, minmay_temple_entry_large_hall,
          hangedman_minor_gate_pass
D:5:      layout_loops_ring, mainiacjoe_overflow_small_starburst, uniq_pikel
Temple:   minmay_freezing_vapour_temple

Skill      XL: |  1  2  3  4  5  6 |
---------------+-------------------+-----
Axes           | 2 3 4 |  4.1
Shields        | 3 |  3.0
Armour         | 3 4 |  4.6
Fighting       | 4 5 |  5.2

Action                     |  1- 3 |  4- 6 |  7- 9 || total
---------------------------+-------+-------+-------++-------
  Melee: War axe           |   106 |   137 |     1 ||   244
    Use: Potion            |       |     1 |       ||     1
 Armour: Scale mail        |    89 |   174 |     1 ||   264
  Dodge: Dodged            |    59 |    82 |       ||   141
  Block: Buckler           |    23 |    34 |       ||    57

Table legend: (Time is in decaauts)
 A = Elapsed time spent in this place.
 B = Non-inter-level travel time spent in this place.
 C = Inter-level travel time spent in this place.
 D = Time resting spent in this place.
 E = Time spent auto-exploring this place.
 F = Levels seen in this place.
 G = Mean time per level.
                   A        B        C        D        E       F      G
               +--------+--------+--------+--------+--------+-----+--------+
         Total |   3198 |   3049 |    149 |    383 |   2062 |   6 |  533.0 |
       Dungeon |   3187 |   3046 |    141 |    383 |   2062 |   5 |  637.4 |
        Temple |     10 |      2 |      8 |      0 |      0 |   1 |   10.0 |
               +--------+--------+--------+--------+--------+-----+--------+

Top non-repeatable levels by time:
     D:1: 941 daAuts
     D:4: 905 daAuts
     D:3: 720 daAuts
     D:2: 594 daAuts
     D:5: 25 daAuts
  Temple: 10 daAuts
